 Dungeon Crawl Stone Soup version 0.29-a0-472-ge5599a681e (webtiles) character file.

Game seed: 2944384459488746295

202002 zazu2006 the Impaler (level 18, -1/142 HPs)
             Began as a Gnoll Wanderer on May 21, 2022.
             Was the Champion of Vehumet.
             Shot with an arrow by a deep elf archer (21 damage)
             ... on level 1 of the Elven Halls on May 22, 2022.
             The game lasted 02:08:06 (46635 turns).

zazu2006 the Impaler (Gnoll Wanderer)              Turns: 46635, Time: 02:08:06

Health: -1/142     AC: 18    Str: 21    XL:     18   Next: 56%
Magic:  6/34       EV: 22    Int: 15    God:    Vehumet [******]
Gold:   3210       SH:  8    Dex: 15    Spells: 12/42 levels left

rFire   + . .      SeeInvis .   q - +12 mace of Growth {elec, rF+ Str-2 Dex+4}
rCold   + + +      Faith    .   H - +1 buckler {rC+}
rNeg    . . .      Spirit   .   X - +3 leather armour {rC+}
rPois   +          Reflect  .   h - +2 helmet
rElec   .          Harm     .   r - scarf {+Inv}
rCorr   .          Rampage  .   m - +0 pair of gloves {Stlth+}
Will    +....                   D - +0 pair of boots
Stlth   +++++++...              d - amulet of the Magpie {RegenMP rC+ Str+3}
HPRegen 0.33/turn               k - ring "Getain" {rPois rC+ AC+4}
MPRegen 0.64/turn               s - ring of the Blue God {Contam rPois EV+4 Str+3 Stlth+}

@: studying Polearms
A: fangs 1, strong nose, distributed training
}: 1/15 runes: gossamer
a: Renounce Religion, Evoke Invisibility


You were on level 1 of the Elven Halls.
You worshipped Vehumet.
Vehumet was exalted by your worship.
You visited 8 branches of the dungeon, and saw 31 of its levels.
You also visited: Ossuary and Ice Cave.

You collected 4287 gold pieces.
You spent 1077 gold pieces at shops.

Inventory:

Hand Weapons
 q - the +12 mace of Growth (weapon) {elec, rF+ Str-2 Dex+4}
   (You found it on level 2 of the Dungeon)

   It occasionally discharges a powerful burst of electricity upon striking a
   foe.
   Str:       It affects your strength (-2).
   Dex:       It affects your dexterity (+4).
   rF:        It protects you from fire.
Missiles
 n - 48 poisoned darts
Armour
 h - a +2 helmet (worn)
 m - a +0 pair of gloves of stealth (worn)
 r - a scarf of invisibility (worn)
 D - a +0 pair of boots (worn)
 H - a +1 buckler of cold resistance (worn)
 X - a +3 leather armour of cold resistance (worn)
Jewellery
 d - the amulet of the Magpie (around neck) {RegenMP rC+ Str+3}
   (You acquired it on level 1 of the Lair of Beasts)

   [amulet of magic regeneration]

   It increases your rate of magic regeneration.
   Str:       It affects your strength (+3).
   rC:        It protects you from cold.
 k - the ring "Getain" (left hand) {rPois rC+ AC+4}
   (You bought it in a shop on level 1 of the Dungeon)

   [ring of protection]

   AC:        It affects your AC (+4).
   rC:        It protects you from cold.
   rPois:     It protects you from poison.
 s - the ring of the Blue God (right hand) {Contam rPois EV+4 Str+3 Stlth+}
   (You found it on level 6 of the Dungeon)

   [ring of evasion]

   EV:        It affects your evasion (+4).
   Str:       It affects your strength (+3).
   rPois:     It protects you from poison.
   Contam:    It causes magical contamination when unequipped.
   Stlth:     It makes you more stealthy.
 O - a ring of flight
Wands
 b - a wand of digging (17)
 i - a wand of flame (91)
 o - a wand of paralysis (8)
 v - a wand of mindburst (22)
 y - a wand of polymorph (17)
 F - a wand of iceblast (31)
 W - a wand of charming (6)
Scrolls
 a - a scroll of silence {unknown}
 c - 2 scrolls of identify
 g - 11 scrolls of teleportation
 l - a scroll of amnesia
 x - 7 scrolls of magic mapping
 C - 8 scrolls of fear
 L - 2 scrolls of summoning
 N - 2 scrolls of poison
 Z - 2 scrolls of fog
Potions
 e - 4 potions of lignification
 f - 10 potions of curing
 j - 6 potions of haste
 p - 8 potions of ambrosia
 t - 5 potions of attraction
 u - 5 potions of cancellation
 w - 5 potions of magic
 z - 6 potions of flight
 K - 2 potions of might
 S - 2 potions of berserk rage
 U - a potion of resistance
 V - 6 potions of invisibility
Miscellaneous
 M - a phial of floods


   Skills:
 + Level 12.7 Fighting
 + Level 12.5 Short Blades
 + Level 12.5 Long Blades
 + Level 14.0 Axes
 + Level 12.5 Maces & Flails
 + Level 15.9 Polearms
 + Level 12.5 Staves
 + Level 12.5 Slings
 + Level 12.5 Bows
 + Level 12.5 Crossbows
 + Level 12.5 Throwing
 + Level 13.2 Armour
 + Level 12.7 Dodging
 + Level 12.5 Stealth
 + Level 12.5 Shields
 + Level 12.5 Unarmed Combat
 + Level 12.8 Spellcasting
 + Level 10.5 Conjurations
 + Level 10.5 Hexes
 + Level 10.5 Summonings
 + Level 10.5 Necromancy
 + Level 11.2 Translocations
 + Level 10.5 Transmutations
 + Level 10.5 Fire Magic
 + Level 10.5 Ice Magic
 + Level 10.5 Air Magic
 + Level 10.5 Earth Magic
 + Level 10.5 Poison Magic
 + Level 13.5 Invocations
 + Level 12.5 Evocations


You had 12 spell levels left.
You knew the following spells:

 Your Spells              Type           Power      Damage    Failure   Level
a - Apportation           Tloc           86%        N/A       1%          1
b - Mephitic Cloud        Conj/Pois/Air  41%        N/A       1%          3
c - Conjure Flame         Conj/Fire      41%        6-21      1%          3
d - Stone Arrow           Conj/Erth      82%        3d12      1%          3
e - Blink                 Tloc           86%        N/A       1%          2
f - Dazzling Flash        Conj/Hex       82%        N/A       1%          3
g - Airstrike             Air            20%        N/A       1%          4
h - Fireball              Conj/Fire      20%        3d10      1%          5
i - Iron Shot             Conj/Erth      20%        9d5       5%          6

Your spell library contained the following spells:

 Spells                   Type           Power      Damage    Failure   Level
 Ozocubu's Refrigeration  Ice            20%        4d9       26%         7
 Beastly Appendage        Tmut           82%        N/A       1%          1
 Foxfire                  Conj/Fire      100%       2x1d9     1%          1
 Necrotize                Necr           100%       1d9       1%          1
 Shock                    Conj/Air       100%       1d9       1%          1
 Slow                     Hex            100%       N/A       1%          1
 Scorch                   Fire           82%        2d9       1%          2
 Static Discharge         Conj/Air       41%        N/A       1%          2
 Wereblood                Tmut           41%        N/A       1%          2
 Confusing Touch          Hex            41%        N/A       1%          3
 Gell's Gravitas          Tloc           43%        N/A       1%          3
 Ignite Poison            Fire/Tmut/Pois 41%        N/A       1%          3
 Inner Flame              Hex/Fire       41%        N/A       1%          3
 Lesser Beckoning         Tloc           43%        N/A       1%          3
 Ozocubu's Armour         Ice            41%        N/A       1%          3
 Spider Form              Tmut/Pois      41%        N/A       1%          3
 Summon Guardian Golem    Hex/Summ       41%        N/A       1%          3
 Swiftness                Air            41%        N/A       1%          3
 Vampiric Draining        Necr           41%        2d8       1%          3
 Animate Dead             Necr           41%        N/A       1%          4
 Flame Wave               Conj/Fire      41%        2d9       1%          4
 Freezing Cloud           Conj/Ice/Air   20%        6-21      1%          5
 Irradiate                Conj/Tmut      20%        3d20      1%          5
 Iskenderun's Battlesphe  Conj           41%        2d9       1%          5
 Lightning Bolt           Conj/Air       20%        1d35      1%          5
 Manifold Assault         Tloc           43%        N/A       2%          5
 Agony                    Necr           41%        N/A       3%          5
 Blade Hands              Tmut           20%        N/A       3%          5
 Metabolic Englaciation   Hex/Ice        20%        N/A       3%          5
 Silence                  Hex/Air        20%        N/A       3%          5
 Summon Mana Viper        Hex/Summ       41%        N/A       3%          5
 Conjure Ball Lightning   Conj/Air       20%        3x3d6     5%          6
 Simulacrum               Ice/Necr       20%        N/A       19%         6
 Orb of Destruction       Conj           20%        9d8       26%         7
 Spellforged Servitor     Conj/Summ      20%        N/A       26%         7
 Dragon Form              Tmut           20%        N/A       71%         7
 Haunt                    Necr/Summ      20%        N/A       71%         7
 Ignition                 Fire           20%        3d7       87%         8
 Maxwell's Capacitive Co  Air            20%        ∞         87%         8
 Borgnjor's Revivificati  Necr           20%        N/A       100%        8
 Infestation              Necr           20%        N/A       100%        8
 Necromutation            Tmut/Necr      20%        N/A       100%        8
 Death's Door             Necr           20%        N/A       100%        9
 Dragon's Call            Summ           20%        N/A       100%        9


Dungeon Overview and Level Annotations

Branches:
Dungeon (15/15)            Temple (1/1) D:6            Lair (6/6) D:11
 Shoals (1/4) Lair:2       Spider (4/4) Lair:2        Slime (0/5) Lair:6
    Orc (2/2) D:12            Elf (1/3) Orc:2        Vaults (1/5) D:13
 Depths (0/4) D:15        Ossuary (visited)           IceCv (visited)

Altars:
Makhleb
Okawaru
Sif Muna
Trog
Uskayaw
Vehumet
Xom
Yredelemnul

Shops:
D:1 =   D:3 (!   D:5 [   Orc:2 (([*

Portals:
Abyss: Orc:1

Annotations:
D:13 2 transporters, exclusion: orange crystal statue, Cuilas's ghost, journeyman DECj; Hemag's ghost, journeyman MiBe
Lair:2 1 runed translucent door, Eringya's ghost, journeyman OpCj
Lair:6 exclusion: 2 oklob plants
Orc:1 2 transporters, Humecuf's ghost, journeyman DrCK
Abyss:1 Frances


Innate Abilities, Weirdness & Mutations

You have very sharp teeth.
Your uncanny sense of smell can sniff out nearby items.
Your experience applies equally to all skills.


Message History

You assume a fearsome visage.
The deep elf pyromancer looks frightened!
The deep elf sorcerer resists with almost no effort.
The deep elf zephyrmancer looks frightened!
The deep elf archer easily resists.
The deep elf sorcerer dies!
The deep elf archer gestures at you while chanting.
You are confused.
The deep elf zephyrmancer gestures wildly while chanting.
The deep elf zephyrmancer blinks!
Unknown command.
The deep elf zephyrmancer gestures wildly while chanting.
The deep elf zephyrmancer blinks!
You feel better.
The deep elf archer shoots an arrow.
The arrow misses you.
Casting: Mephitic Cloud (safe; 1% risk of failure)
Confirm with . or Enter, or press ? or * to list all spells.
Aiming: Mephitic Cloud (safe; 1% risk of failure)
Press: ? - help, Shift-Dir - straight line, f - deep elf archer
Aim: a deep elf archer, wielding a +0 shortbow and wearing a +0 leather armour (repelling missiles, chance to affect: 53%)
The ball explodes into a vile cloud!
The stinking cloud engulfs the deep elf archer but does no damage.
The deep elf archer is engulfed in noxious fumes.
Unknown command.
You hit the deep elf pyromancer.
Your attack snaps the deep elf pyromancer out of its fear.
You bite the deep elf pyromancer.
The deep elf pyromancer is severely wounded.
Casting: Mephitic Cloud (safe; 1% risk of failure)
Confirm with . or Enter, or press ? or * to list all spells.
Aiming: Mephitic Cloud (safe; 1% risk of failure)
Press: ? - help, Shift-Dir - straight line, f/p - deep elf archer
Aim: a deep elf archer, wielding a +0 shortbow and wearing a +0 leather armour (repelling missiles, chance to affect: 53%)
The ball explodes into a vile cloud!
The stinking cloud engulfs the deep elf archer but does no damage.
The deep elf pyromancer seems less confused.
The deep elf pyromancer gestures wildly while chanting.
The deep elf pyromancer blinks!
The deep elf archer is engulfed in noxious fumes.
The deep elf archer shoots an arrow.
The arrow hits you!!
You die...

#.....###.# #......###.#
#.##......... # ##.####### #.#
#.# ##### ##'## #.§.## ##...##
#############@...###.....##
#...........#§....#.......##
#.....)..).)e.)............###
#..........§#..............'..
####...#####...#.......e......##.
.......# #...#.....#.......###.
....(..# #...#....###.....###..
......e# #...#...## ##...## #..
######e# #...##### ##+## #..


You could see a deep elf archer (repels missiles) and a deep elf pyromancer
(fleeing).

Vanquished Creatures
  A lich (IceCv)
  Jorgrun (D:12)
  Gastronok (D:9)
  A fire giant (D:15)
  10 emperor scorpions
  A ghost moth (Spider:4)
  2 ironbound preservers (Vaults:1)
  2 very ugly things (IceCv)
  A stone giant (Vaults:1)
  2 ironbound thunderhulks (D:13)
  3 broodmothers
  7 entropy weavers
  A deep elf annihilator (Vaults:1)
  Snorg (D:11)
  2 ettins
  9 boulder beetles
  3 catoblepae
  Fannar (Lair:2)
  3 ogre magi
  18 two-headed ogres
  A jorogumo (Spider:2)
  2 caustic shrike simulacra (IceCv)
  8 hydras
  A radroach (Spider:1)
  2 dancing weapons (Elf:1)
  5 tengu warriors
  14 centaur warriors
  9 death yaks
  A deep troll shaman (Lair:6)
  An orc high priest (Orc:2)
  Urug (D:11)
  Sonja (Orc:1)
  A deep elf knight (Elf:1)
  A skeletal warrior (D:12)
  7 pharaoh ants
  4 orb spiders
  11 steelbarb worms
  10 deep trolls
  A swamp dragon (shapeshifter) (D:13)
  An obsidian statue (IceCv)
  A wizard (D:13)
  3 harpies (Lair:2)
  A spriggan simulacrum (IceCv)
  A deep elf archer (Elf:1)
  A bog body (IceCv)
  A necromancer (IceCv)
  An ironbound convoker (Vaults:1)
  21 ugly things
  6 wolf spiders
  A deep elf pyromancer (Elf:1)
  4 orc knights
  8 cyclopes
  An orc sorcerer (Orc:2)
  5 manticores
  2 merfolk sirens (Lair:2)
  The ghost of holysushi the Cutter, a novice OpGl of Gozag (D:6)
  21 elephants
  4 moths of wrath
  7 black mambas
  7 vault sentinels (Vaults:1)
  7 cane toads
  3 gargoyles
  An ice statue (Spider:2)
  5 torpor snails
  5 demonic crawlers
  9 komodo dragons
  Psyche (D:12)
  A rime drake (Lair:4)
  2 efreet
  3 unseen horrors
  2 yaktaurs (Vaults:1)
  5 kobold demonologists
  17 freezing wraiths
  A yaktaur (shapeshifter) (D:15)
  4 anaconda simulacra (IceCv)
  2 tengu conjurers (D:13)
  2 entropy weaver simulacra (IceCv)
  21 trolls
  2 polar bears (Lair:6)
  2 golden dragon simulacra (IceCv)
  7 meliai
  A merfolk (Lair:2)
  8 dream sheep
  7 slime creatures
  A hornet (D:10)
  12 tarantellas
  10 jumping spiders
  8 blink frogs
  4 culicivoras
  2 shadows
  2 culicivoras (shapeshifter) (D:13)
  42 yaks
  A dire elephant simulacrum (IceCv)
  8 wyverns
  7 wraiths
  A basilisk (shapeshifter) (D:13)
  A steam dragon (D:7)
  18 redbacks
  5 basilisks
  5 wargs
  5 vampire mosquitoes
  6 harpy simulacra (IceCv)
  Duvessa (D:4)
  12 water moccasins
  An acid dragon (D:12)
  A hydra simulacrum (IceCv)
  3 sky beasts
  2 alligator simulacra (IceCv)
  2 ettin simulacra (IceCv)
  28 orc warriors
  2 black bears
  5 ice beasts
  An ogre (shapeshifter) (D:11)
  21 wolves
  3 boggarts (Vaults:1)
  16 centaurs
  34 ogres
  2 kobold brigands
  A phantom (D:4)
  9 bullfrogs
  A necrophage (D:5)
  3 gnoll sergeants
  3 deep troll simulacra (IceCv)
  2 scorpions
  A water moccasin zombie (Ossuary)
  3 wyvern zombies (Ossuary)
  13 wights
  A hornet simulacrum (D:6)
  Dowan (D:4)
  6 killer bees (D:10)
  3 lindwurm simulacra (IceCv)
  3 electric eels
  2 howler monkeys
  8 bullfrog zombies (Ossuary)
  4 centaur zombies (Ossuary)
  A wyvern simulacrum (D:6)
  6 jellies
  20 orc priests
  Crazy Yiuf (D:2)
  A hound (D:4)
  Natasha (thrice) (D:3)
  9 hell rats
  2 iguanas
  26 orc wizards
  A killer bee zombie (Ossuary)
  2 howler monkey zombies (Ossuary)
  17 mummies
  13 adders
  18 gnolls
  A shadow imp (D:8)
  4 white imps (D:6)
  A howler monkey simulacrum (D:6)
  An ufetubus (D:4)
  2 worms
  4 dart slugs
  95 orcs
  10 ball pythons
  22 endoplasms
  7 giant cockroaches
  5 goblins
  5 hobgoblins
  4 jackals (D:3)
  12 kobolds
  5 quokkas
  6 bats
  4 frilled lizards
  A goblin zombie (D:8)
  A kobold zombie (D:8)
  12 rats
1025 creatures vanquished.

Vanquished Creatures (collateral kills)
  A deep elf zephyrmancer (Elf:1)
  A deep elf pyromancer (Elf:1)
  2 wolf spiders (Spider:2)
  A cyclops (D:11)
  A tarantella (Vaults:1)
6 creatures vanquished.

Vanquished Creatures (others)
  A deep elf sorcerer (Elf:1)
  An ironbound preserver (D:13)
  An ogre mage (D:15)
  A wolf spider (Spider:4)
  A redback (Spider:2)
  2 kobolds (D:14)
  9 bushes (D:15)
  38 fungi
  60 plants
  2 withered plants (Ossuary)
116 creatures vanquished.

Grand Total: 1147 creatures vanquished

Notes
Turn   | Place    | Note
-------+----------+-------------------------------------------
     0 | D:1      | zazu2006 the Gnoll Wanderer began the quest for the Orb.
     0 | D:1      | zazu2006 set off with the following items: a +2 hand axe, a
                  | +0 ring mail, a scroll of blinking; and the following spell
                  | memorised: Apportation; and the following spells available
                  | to memorise: Gell's Gravitas
     0 | D:1      | Reached XP level 1. HP: 17/17 MP: 4/4
     0 | D:1      | Upgraded the game from 0.29-a0-468-ge57f7f99b4 to
                  | 0.29-a0-472-ge5599a681e
    39 | D:1      | Got Ximput's Guide on Ignition
    84 | D:1      | Reached XP level 2. HP: 23/23 MP: 5/5
   400 | D:1      | Reached XP level 3. HP: 25/28 MP: 7/7
   427 | D:1      | Found Burecrie's One-of-a-Kind Rings.
   789 | D:2      | Reached skill level 1 in Invocations
   917 | D:2      | Reached skill level 1 in Short Blades
   917 | D:2      | Reached skill level 1 in Long Blades
   917 | D:2      | Reached skill level 1 in Maces & Flails
   917 | D:2      | Reached skill level 1 in Polearms
   917 | D:2      | Reached skill level 1 in Staves
   917 | D:2      | Reached skill level 1 in Slings
   917 | D:2      | Reached skill level 1 in Bows
   917 | D:2      | Reached skill level 1 in Crossbows
   917 | D:2      | Reached skill level 1 in Throwing
   917 | D:2      | Reached skill level 1 in Stealth
   917 | D:2      | Reached skill level 1 in Shields
   917 | D:2      | Reached skill level 1 in Unarmed Combat
   917 | D:2      | Reached skill level 1 in Evocations
   917 | D:2      | Reached XP level 4. HP: 34/34 MP: 8/8
  1121 | D:2      | Found a shimmering altar of Xom.
  1217 | D:2      | Found a runed translucent door.
  1218 | D:2      | Noticed Crazy Yiuf
  1220 | D:2      | Identified the +12 mace of Growth {elec, rF+ Str-2 Dex+4}
  1228 | D:2      | Killed Crazy Yiuf
  1229 | D:2      | Reached skill level 1 in Conjurations
  1229 | D:2      | Reached skill level 1 in Hexes
  1229 | D:2      | Reached skill level 1 in Summonings
  1229 | D:2      | Reached skill level 1 in Necromancy
  1229 | D:2      | Reached skill level 1 in Transmutations
  1229 | D:2      | Reached skill level 1 in Fire Magic
  1229 | D:2      | Reached skill level 1 in Ice Magic
  1229 | D:2      | Reached skill level 1 in Air Magic
  1229 | D:2      | Reached skill level 1 in Earth Magic
  1229 | D:2      | Reached skill level 1 in Poison Magic
  1236 | D:2      | Identified the +6 mace of Gallantry {vorpal, rN++ Will+
                  | Stlth-}
  1549 | D:3      | Reached XP level 5. HP: 40/40 MP: 9/9
  1593 | D:3      | Found Palonwoa's Weapon Shop.
  1742 | D:3      | Found Wel Waar's Distillery.
  1768 | D:3      | Bought a potion of flight for 36 gold pieces
  1768 | D:3      | Bought a potion of attraction for 36 gold pieces
  1824 | D:3      | Found a faded altar of an unknown god.
  1868 | D:3      | Noticed Natasha
  1874 | D:3      | Killed Natasha
  1875 | D:3      | Reached XP level 6. HP: 46/47 MP: 9/11
  1982 | D:3      | Noticed Natasha
  1987 | D:3      | Killed Natasha
  2105 | D:4      | Reached skill level 5 in Armour
  2107 | D:4      | Reached skill level 2 in Polearms
  2315 | D:4      | Reached XP level 7. HP: 43/52 MP: 7/12
  2498 | D:4      | Learned a level 3 spell: Mephitic Cloud
  2527 | D:4      | Noticed Dowan
  2528 | D:4      | Noticed Duvessa
  2536 | D:4      | Killed Duvessa
  2550 | D:4      | Killed Dowan
  3082 | D:3      | Noticed Natasha
  3090 | D:3      | Killed Natasha
  3135 | D:5      | Entered Level 5 of the Dungeon
  3155 | D:5      | Reached XP level 8. HP: 60/60 MP: 14/14
  3314 | D:5      | Reached skill level 3 in Polearms
  3368 | D:5      | Found Didwis Hoac's Antique Armour Boutique.
  3981 | D:6      | Found a runed translucent gate.
  3982 | D:6      | Found a runed translucent gate.
  3983 | D:6      | Found a runed translucent gate.
  4019 | D:6      | Noticed holysushi's ghost (novice OpGl)
  4196 | D:6      | Found a staircase to the Ecumenical Temple.
  4209 | Temple   | Entered the Ecumenical Temple
  4216 | Temple   | Became a worshipper of Vehumet
  4528 | D:6      | Reached skill level 5 in Translocations
  4528 | D:6      | Reached XP level 9. HP: 26/62 MP: 4/16
  4921 | D:7      | Reached skill level 4 in Polearms
  4929 | D:7      | Reached skill level 5 in Spellcasting
  5779 | D:8      | Reached * piety under Vehumet
  5779 | D:8      | Offered knowledge of Magic Dart by Vehumet.
  5780 | D:8      | Reached skill level 5 in Fighting
  5780 | D:8      | Reached skill level 5 in Dodging
  5818 | D:8      | Found a sand-covered staircase.
  5840 | Ossuary  | Entered an ossuary
  5961 | Ossuary  | Reached skill level 5 in Invocations
  6169 | Ossuary  | Reached ** piety under Vehumet
  6169 | Ossuary  | Offered knowledge of Shock by Vehumet.
  6364 | Ossuary  | Reached XP level 10. HP: 73/74 MP: 18/18
  6434 | D:8      | You fall into a shaft and drop 3 floors!
  6447 | D:11     | Identified the +10 quarterstaff of Analysis {vorpal, Str+10
                  | Int+3}
  6454 | D:11     | Found a staircase to the Lair.
  6471 | D:11     | Noticed a tengu warrior
  6493 | D:10     | Entered Level 10 of the Dungeon
  6538 | D:9      | Noticed Gastronok
  6853 | D:9      | Reached skill level 5 in Short Blades
  6853 | D:9      | Reached skill level 5 in Long Blades
  6853 | D:9      | Reached skill level 5 in Maces & Flails
  6853 | D:9      | Reached skill level 5 in Polearms
  6853 | D:9      | Reached skill level 5 in Staves
  6853 | D:9      | Reached skill level 5 in Slings
  6853 | D:9      | Reached skill level 5 in Bows
  6853 | D:9      | Reached skill level 5 in Crossbows
  6853 | D:9      | Reached skill level 5 in Throwing
  6853 | D:9      | Reached skill level 5 in Stealth
  6853 | D:9      | Reached skill level 5 in Shields
  6853 | D:9      | Reached skill level 5 in Unarmed Combat
  6853 | D:9      | Reached skill level 5 in Evocations
  8164 | D:9      | Identified the +0 robe of Narcissism {rN++ Dex+8}
  8382 | D:9      | Noticed a kobold demonologist
  8398 | D:9      | Killed a kobold demonologist
  9089 | D:9      | Killed Gastronok
  9090 | D:9      | Reached XP level 11. HP: 50/83 MP: 10/20
  9431 | D:10     | Found an iron altar of Okawaru.
  9526 | D:10     | Offered knowledge of Searing Ray by Vehumet.
  9533 | D:10     | Reached skill level 6 in Polearms
  9653 | D:10     | Reached skill level 5 in Conjurations
  9653 | D:10     | Reached skill level 5 in Hexes
  9653 | D:10     | Reached skill level 5 in Summonings
  9653 | D:10     | Reached skill level 5 in Necromancy
  9653 | D:10     | Reached skill level 5 in Transmutations
  9653 | D:10     | Reached skill level 5 in Fire Magic
  9653 | D:10     | Reached skill level 5 in Ice Magic
  9653 | D:10     | Reached skill level 5 in Air Magic
  9653 | D:10     | Reached skill level 5 in Earth Magic
  9653 | D:10     | Reached skill level 5 in Poison Magic
  9819 | D:10     | Noticed a two-headed ogre
  9844 | D:10     | Reached *** piety under Vehumet
  9869 | D:10     | Killed a two-headed ogre
 10147 | D:10     | Learned a level 3 spell: Conjure Flame
 10708 | D:10     | Killed a tengu warrior
 10922 | D:11     | Noticed a manticore
 10931 | D:11     | Killed a manticore
 10971 | D:11     | Offered knowledge of Stone Arrow by Vehumet.
 10981 | D:11     | Learned a level 3 spell: Stone Arrow
 11140 | D:11     | Noticed a cyclops
 11157 | D:11     | Killed a cyclops
 11226 | D:11     | Noticed Snorg
 11240 | D:11     | Killed Snorg
 11241 | D:11     | Reached XP level 12. HP: 62/91 MP: 7/23
 11411 | D:11     | Noticed a boulder beetle
 11428 | D:11     | Killed a boulder beetle
 11429 | D:11     | Reached skill level 7 in Polearms
 11438 | D:11     | Identified the ring "Ihan" {Fire *Slow rN++ Int+3 Stlth+}
 11439 | D:11     | Got the Handbook of Supportive Sinister Rituals
 11524 | D:11     | Noticed a four-headed hydra
 11542 | D:11     | Killed a four-headed hydra
 11956 | D:11     | Reached **** piety under Vehumet
 12111 | D:11     | Noticed Urug
 12123 | D:11     | Killed Urug
 12124 | D:11     | Reached skill level 10 in Axes
 12214 | D:11     | Offered knowledge of Frozen Ramparts by Vehumet.
 12636 | D:12     | Noticed Psyche
 12645 | D:12     | Killed Psyche
 12670 | D:12     | Reached skill level 8 in Polearms
 12912 | D:12     | Noticed a centaur warrior
 12917 | D:12     | Noticed a two-headed ogre
 12923 | D:12     | Killed a centaur warrior
 12938 | D:12     | Killed a two-headed ogre
 13515 | D:12     | Found a staircase to the Orcish Mines.
 13559 | D:12     | Noticed Jorgrun
 13585 | D:12     | Killed Jorgrun
 13884 | D:12     | Reached XP level 13. HP: 68/99 MP: 10/25
 14147 | Lair:1   | Entered Level 1 of the Lair of Beasts
 14651 | Lair:1   | Reached skill level 9 in Polearms
 15282 | Lair:2   | Found a hole to the Spider Nest.
 15618 | Lair:2   | Found a runed translucent door.
 15625 | Lair:2   | Noticed Eringya's ghost (journeyman OpCj)
 15656 | Lair:1   | Identified 3 scrolls of acquirement
 15668 | Lair:1   | Acquired 1253 gold pieces
 15670 | Lair:1   | Acquired the amulet of the Magpie {RegenMP rC+ Str+3}
 15689 | Lair:1   | Acquired 549 gold pieces
 15946 | D:1      | Bought the ring "Getain" {rPois rC+ AC+4} for 758 gold
                  | pieces
 16076 | D:6      | Reached ***** piety under Vehumet
 16095 | D:6      | Offered knowledge of Conjure Ball Lightning by Vehumet.
 16137 | D:6      | Identified the ring of the Blue God {Contam rPois EV+4
                  | Str+3 Stlth+}
 16165 | D:6      | Killed holysushi's ghost
 16475 | Lair:2   | Found a staircase to the Shoals.
 17532 | Lair:3   | Reached skill level 10 in Polearms
 18073 | Lair:3   | Reached skill level 10 in Armour
 18073 | Lair:3   | Reached XP level 14. HP: 105/108 MP: 27/27
 18076 | Lair:3   | Learned a level 2 spell: Blink
 18314 | Lair:4   | Offered knowledge of Flame Wave by Vehumet.
 19759 | Lair:5   | Reached skill level 10 in Invocations
 20198 | Lair:5   | You fall into a shaft and drop 1 floor!
 20198 | Lair:6   | Entered Level 6 of the Lair of Beasts
 20274 | Lair:5   | Reached skill level 11 in Polearms
 21718 | Lair:6   | Found a staircase to the Slime Pits.
 21842 | Lair:6   | Reached skill level 10 in Spellcasting
 21911 | Lair:6   | Reached skill level 10 in Fighting
 21911 | Lair:6   | Reached skill level 10 in Dodging
 22313 | Lair:6   | Reached XP level 15. HP: 68/115 MP: 29/29
 22923 | Lair:6   | Identified the +2 rapier of Law {speed, *Noise rElec rC++
                  | Str-2}
 23593 | D:12     | Reached skill level 12 in Polearms
 23596 | D:12     | Offered knowledge of Lightning Bolt by Vehumet.
 24442 | Orc:1    | Entered Level 1 of the Orcish Mines
 24462 | Orc:1    | Noticed Sonja
 24474 | Orc:1    | Killed Sonja
 24475 | Orc:1    | Reached skill level 10 in Short Blades
 24475 | Orc:1    | Reached skill level 10 in Long Blades
 24475 | Orc:1    | Reached skill level 10 in Maces & Flails
 24475 | Orc:1    | Reached skill level 10 in Staves
 24475 | Orc:1    | Reached skill level 10 in Slings
 24475 | Orc:1    | Reached skill level 10 in Bows
 24475 | Orc:1    | Reached skill level 10 in Crossbows
 24475 | Orc:1    | Reached skill level 10 in Throwing
 24475 | Orc:1    | Reached skill level 10 in Stealth
 24475 | Orc:1    | Reached skill level 10 in Shields
 24475 | Orc:1    | Reached skill level 10 in Unarmed Combat
 24475 | Orc:1    | Reached skill level 10 in Evocations
 24766 | Orc:1    | Found a transporter.
 25076 | Orc:1    | Found a transporter.
 25657 | Orc:1    | Found a one-way gate to the infinite horrors of the Abyss.
 25657 | Orc:1    | Noticed Humecuf's ghost (journeyman DrCK)
 25782 | Orc:2    | Entered Level 2 of the Orcish Mines
 26695 | Orc:2    | Reached ****** piety under Vehumet
 26840 | Orc:2    | Offered knowledge of Yara's Violent Unravelling by Vehumet.
 27100 | Orc:2    | Found a staircase to the Elven Halls.
 27394 | Orc:2    | Found Kemett's Antique Armour Shop.
 27395 | Orc:2    | Found Gyskei Upho's Weapon Boutique.
 27400 | Orc:2    | Found Seghidif's Assorted Antiques.
 27402 | Orc:2    | Bought a crude tower shield for 247 gold pieces
 27402 | Orc:2    | Identified the +7 tower shield of Insurance {Harm} (You
                  | bought it in a shop on level 2 of the Orcish Mines)
 27409 | Orc:2    | Found Fojigim's Antique Weapon Shop.
 28434 | D:13     | Reached XP level 16. HP: 124/124 MP: 30/30
 28447 | D:13     | Reached skill level 13 in Polearms
 28467 | D:13     | Found a gate to the Vaults.
 28817 | D:13     | Found a transporter.
 28873 | D:13     | Noticed Cuilas's ghost (journeyman DECj)
 28880 | D:13     | Identified the amulet "Bouzyf" {Reflect Dex+8 SH+5}
 28918 | D:13     | Noticed Hemag's ghost (journeyman MiBe)
 28972 | D:13     | Found a transporter.
 30229 | D:15     | Entered Level 15 of the Dungeon
 30230 | D:15     | Found a staircase to the Depths.
 30344 | Lair:2   | Noticed Fannar
 30349 | Spider:1 | Entered Level 1 of the Spider Nest
 30847 | Spider:1 | You fall into a shaft and drop 1 floor!
 30847 | Spider:2 | Noticed Frances
 30863 | Spider:2 | Found a frozen archway.
 30885 | Spider:2 | Reached skill level 10 in Translocations
 30892 | IceCv    | Entered an ice cave
 31873 | IceCv    | Found an ancient bone altar of Kikubaaqudgha.
 31897 | IceCv    | Offered knowledge of Starburst by Vehumet.
 32407 | IceCv    | Noticed a lich
 33163 | IceCv    | Killed a lich
 33475 | Spider:2 | Reached skill level 14 in Polearms
 34207 | Spider:2 | Reached XP level 17. HP: 132/132 MP: 32/32
 34257 | Spider:2 | Banished Frances
 37227 | Shoals:1 | Entered Level 1 of the Shoals
 37311 | Lair:2   | Killed Fannar
 37834 | Spider:2 | Paralysed by a jorogumo for 2 turns
 38737 | Spider:3 | Learned a level 3 spell: Dazzling Flash
 38742 | Spider:3 | Learned a level 4 spell: Airstrike
 38746 | Spider:4 | Entered Level 4 of the Spider Nest
 38825 | Spider:4 | Reached skill level 10 in Conjurations
 38825 | Spider:4 | Reached skill level 10 in Hexes
 38825 | Spider:4 | Reached skill level 10 in Summonings
 38825 | Spider:4 | Reached skill level 10 in Necromancy
 38825 | Spider:4 | Reached skill level 10 in Transmutations
 38825 | Spider:4 | Reached skill level 10 in Fire Magic
 38825 | Spider:4 | Reached skill level 10 in Ice Magic
 38825 | Spider:4 | Reached skill level 10 in Air Magic
 38825 | Spider:4 | Reached skill level 10 in Earth Magic
 38825 | Spider:4 | Reached skill level 10 in Poison Magic
 39270 | Spider:4 | Offered knowledge of Fireball by Vehumet.
 39296 | Spider:3 | Learned a level 5 spell: Fireball
 39880 | Spider:3 | Reached skill level 15 in Polearms
 42660 | Spider:4 | Reached XP level 18. HP: 128/141 MP: 30/34
 42809 | Spider:4 | Got a gossamer rune of Zot
 43628 | Vaults:1 | Entered Level 1 of the Vaults
 44475 | Vaults:1 | Found the +18 shield of the Gong {rElec rN+ Will+ EV-5}
 45588 | Vaults:1 | Offered knowledge of Ozocubu's Refrigeration by Vehumet.
 45600 | Vaults:1 | Learned a level 6 spell: Iron Shot
 45755 | Vaults:1 | HP: 7/142 [vault warden/+0 battleaxe (7)]
 46480 | Elf:1    | Entered Level 1 of the Elven Halls
 46635 | Elf:1    | Shot with an arrow by a deep elf archer

Illustrated notes

Levels and vault maps discovered:
D:1:      shiori_arrival_elements, layout_rooms, nicolae_shop_unique_rings,
          minmay_rat_gold_closets
D:2:      layout_loops_ring, basic_altar, uniq_crazy_yiuf_cottage
D:3:      layout_rooms, basic_ecumenical_altar, serial_shops, shop, shop_statue,
          uniq_natasha
D:4:      layout_basic, uniq_duvessa
D:5:      layout_cave_pods, serial_shops, shop
D:6:      layout_loops_ring, minmay_temple_entry_slanted, gammafunk_ghost_icy
D:7:      layout_basic
D:8:      layout_basic, nicolae_ossuary_entry_giza
D:9:      layout_irregular_city, uniq_gastronok
D:10:     layout_rooms, old_standard_altar, minmay_fractal_squares_5
D:11:     minmay_the_grid_four_pointed_star_mashed
          [minmay_the_grid_triangle_9x9_swiss_cheese,
          minmay_the_grid_triangle_9x9_odd_lines,
          minmay_the_grid_triangle_9x9_minimal,
          minmay_the_grid_triangle_9x9_sparse_checkered,
          minmay_the_grid_prize_shrinking_boxes], layout_irregular_city,
          david_lair_shrubbed, uniq_urug, uniq_snorg
D:12:     wad_river_or_something, layout_layer_cave, uniq_jorgrun, uniq_psyche
D:13:     layout_basic, skrybe_vaults_entry_preservation, nzn_ghost_randoct,
          minivault_1
D:14:     layout_rooms, kennysheep_small_spiral
D:15:     grunt_enter_depths_giant_problem, layout_loops_ring, minmay_hedge_maze
Temple:   nicolae_temple_the_god_donut
Lair:1:   layout_roguey, infiniplex_staircase_pool, grunt_megastairs_5,
          serial_bayou_shore_b
Lair:2:   layout_gridlike, elwin_shoals_entry_rooms, dummy_spider_entry,
          gammafunk_ghost_grave, uniq_fannar
Lair:3:   lemuel_slime, layout_long_grid, grunt_megastairs_1
Lair:4:   layout_cave_pods
Lair:5:   layout_misc_corridors, serial_bayou_pond_b, serial_bayou_ford_a
Lair:6:   grunt_lair_end_beastmaster, layout_gridlike,
          minmay_slime_entry_oklob_enclosed
Shoals:1: layout_shoals, nicolae_shoals_seven_spires,
          nicolae_shoals_lost_giant_hut, nicolae_shoals_mertower, uniq_donald
Spider:1: layout_cave_pods
Spider:2: layout_spider_delve, portal_ice_cave_entry_ice_statue_one,
          uniq_frances
Spider:3: layout_spider_delve
Spider:4: hellmonk_spider_rune_bug_friends, nicolae_spider_cling_ruins
Orc:1:    layout_diamond_mine, gammafunk_ghost_abyssal_escape, mines_bat_river,
          uniq_sonja
Orc:2:    st_orc_open, layout_caves
Elf:1:    kennysheep_blocky_room, layout_loops_corners,
          hangedman_corner_corridor
Vaults:1: nicolae_vaults_what_the_h, v_misc_11,
          nicolae_vaults_inception_corners, vaults_room_pools,
          hellmonk_guarded_unrand_gong, nicolae_vaults_yaktaur_gun_rack,
          vaults_room_stairs_pillars, nicolae_vaults_network_star,
          v_alt_pattern_3, vaults_room_grunt_arrival_ludios,
          nicolae_vaults_little_squares_1, vaults_mumra_lcd,
          vaults_room_stairs_pillars, layout_vaults_omnibox, uniq_zenata

Skill      XL: |  1  2  3  4  5  6  7  8  9 10 11 12 13 14 15 16 17 18 |
---------------+-------------------------------------------------------+-----
Invocations    | 1 2 3 4 5 6 7 8 9 10 11 12 13 | 13.5
Short Blades   | 1 2 3 4 5 6 7 8 9 10 11 12 | 12.5
Long Blades    | 1 2 3 4 5 6 7 8 9 10 11 12 | 12.5
Maces & Flails | 1 2 3 4 5 6 7 8 9 10 11 12 | 12.5
Polearms       | 1 2 3 4 5 6 8 10 11 12 14 15 | 15.9
Staves         | 1 2 3 4 5 6 7 8 9 10 11 12 | 12.5
Slings         | 1 2 3 4 5 6 7 8 9 10 11 12 | 12.5
Bows           | 1 2 3 4 5 6 7 8 9 10 11 12 | 12.5
Crossbows      | 1 2 3 4 5 6 7 8 9 10 11 12 | 12.5
Throwing       | 1 2 3 4 5 6 7 8 9 10 11 12 | 12.5
Stealth        | 1 2 3 4 5 6 7 8 9 10 11 12 | 12.5
Shields        | 1 2 3 4 5 6 7 8 9 10 11 12 | 12.5
Unarmed Combat | 1 2 3 4 5 6 7 8 9 10 11 12 | 12.5
Evocations     | 1 2 3 4 5 6 7 8 9 10 11 12 | 12.5
Spellcasting   | 3 4 5 6 7 8 9 10 11 12 | 12.8
Conjurations   | 1 2 3 4 5 6 7 8 9 10 | 10.5
Hexes          | 1 2 3 4 5 6 7 8 9 10 | 10.5
Summonings     | 1 2 3 4 5 6 7 8 9 10 | 10.5
Necromancy     | 1 2 3 4 5 6 7 8 9 10 | 10.5
Transmutations | 1 2 3 4 5 6 7 8 9 10 | 10.5
Fire Magic     | 1 2 3 4 5 6 7 8 9 10 | 10.5
Ice Magic      | 1 2 3 4 5 6 7 8 9 10 | 10.5
Air Magic      | 1 2 3 4 5 6 7 8 9 10 | 10.5
Earth Magic    | 1 2 3 4 5 6 7 8 9 10 | 10.5
Poison Magic   | 1 2 3 4 5 6 7 8 9 10 | 10.5
Fighting       | 3 4 5 6 7 8 9 10 11 12 | 12.7
Dodging        | 3 4 5 6 7 8 9 10 11 12 | 12.7
Translocations | 4 5 6 7 8 9 10 11 | 11.2
Armour         | 5 6 7 8 9 10 11 12 13 | 13.2
Axes           | 7 8 9 10 11 12 13 14 | 14.0

Action                   |  1- 3 |  4- 6 |  7- 9 | 10-12 | 13-15 | 16-18 || total
-------------------------+-------+-------+-------+-------+-------+-------++-------
Melee: Hand axe          |    91 |    35 |       |       |       |       ||   126
       Punch             |     1 |     1 |     7 |     2 |       |       ||    11
       Bite              |     3 |     6 |    35 |    62 |   175 |   220 ||   501
       Mace              |       |    73 |   288 |   476 |  1300 |  1274 ||  3411
 Cast: Apportation       |       |     2 |       |       |     2 |     1 ||     5
       Mephitic Cloud    |       |       |       |    35 |    99 |   141 ||   275
       Stone Arrow       |       |       |       |    17 |    79 |   169 ||   265
       Blink             |       |       |       |       |     3 |    10 ||    13
       Conjure Flame     |       |       |       |       |     1 |    40 ||    41
       Dazzling Flash    |       |       |       |       |       |    16 ||    16
       Airstrike         |       |       |       |       |       |     5 ||     5
       Iron Shot         |       |       |       |       |       |     3 ||     3
Evoke: Wand              |       |       |       |     1 |       |     5 ||     6
  Use: Scroll            |       |       |     3 |     9 |    14 |    18 ||    44
       Potion            |       |       |       |     4 |     1 |    14 ||    19
 Stab: Sleeping          |       |     4 |    13 |     2 |    19 |    13 ||    51
       Distracted        |       |       |     2 |       |     2 |     4 ||     8
       Confused          |       |       |       |    17 |    51 |    73 ||   141
       Paralysed         |       |       |       |       |       |     3 ||     3
       Invisible         |       |       |       |       |       |     4 ||     4
Armor: Ring mail         |    31 |    47 |    13 |       |       |       ||    91
       Leather armour    |       |       |    85 |   155 |   394 |   512 ||  1146
Dodge: Dodged            |    42 |    54 |   180 |   388 |  1085 |  1246 ||  2995
Block: Buckler           |       |       |       |   117 |   406 |   534 ||  1057

Table legend: (Time is in decaauts)
 A = Elapsed time spent in this place.
 B = Non-inter-level travel time spent in this place.
 C = Inter-level travel time spent in this place.
 D = Time resting spent in this place.
 E = Time spent auto-exploring this place.
 F = Levels seen in this place.
 G = Mean time per level.
                   A        B        C        D        E       F      G
               +--------+--------+--------+--------+--------+-----+--------+
         Total |  46837 |  43642 |   3195 |  10167 |  22788 |  33 | 1419.3 |
       Dungeon |  22016 |  19700 |   2316 |   2986 |  12686 |  15 | 1467.7 |
        Temple |     17 |      7 |     10 |      0 |      0 |   1 |   17.0 |
          Lair |   8882 |   8308 |    574 |    833 |   5330 |   6 | 1480.3 |
        Shoals |     11 |     11 |      0 |      0 |      0 |   1 |   11.0 |
   Spider Nest |   8679 |   8486 |    193 |   4152 |   2213 |   4 | 2169.8 |
  Orcish Mines |   3128 |   3029 |     99 |    483 |   1649 |   2 | 1564.0 |
   Elven Halls |    151 |    151 |      0 |      0 |     90 |   1 |  151.0 |
        Vaults |    812 |    812 |      0 |    213 |    219 |   1 |  812.0 |
       Ossuary |    623 |    623 |      0 |     73 |    280 |   1 |  623.0 |
      Ice Cave |   2515 |   2515 |      0 |   1427 |    320 |   1 | 2515.0 |
               +--------+--------+--------+--------+--------+-----+--------+

Top non-repeatable levels by time:
    D:13: 3266 daAuts
    D:11: 3004 daAuts
Spider:3: 2818 daAuts
   IceCv: 2515 daAuts
Spider:2: 2431 daAuts
    D:12: 2430 daAuts
  Lair:6: 2330 daAuts
     D:9: 2269 daAuts
   Orc:1: 1862 daAuts
Spider:4: 1722 daAuts
Spider:1: 1707 daAuts
    D:10: 1510 daAuts
  Lair:1: 1396 daAuts
    D:15: 1376 daAuts
  Lair:4: 1348 daAuts
